 Dungeon Crawl Stone Soup version 0.22-a0-580-gd5db89c09a (webtiles) character file.

210 Kholdaimon the Slasher (level 5, -3/41 HPs)
             Began as a Merfolk Gladiator on July 3, 2018.
             Slain by a phantom (4 damage)
             ... on level 4 of the Dungeon.
             The game lasted 00:13:22 (3326 turns).

Kholdaimon the Slasher (Merfolk Gladiator)          Turns: 3326, Time: 00:13:22

Health: -3/41      AC:  4    Str: 15    XL:     5   Next: 88%
Magic:  5/5        EV: 15    Int:  8    God:
Gold:   162        SH:  0    Dex: 15    Spells: 4/4 levels left

rFire    . . .     SeeInvis .   a - +0 long sword
rCold    . . .     Gourm    .   (no shield)
rNeg     . . .     Faith    .   b - +0 leather armour
rPois    .         Spirit   .   c - +0 helmet
rElec    .         Reflect  .   (no cloak)
rCorr    .         Harm     .   (no gloves)
MR       .....                  (no boots)
Stlth    +.........             (no amulet)
HPRegen  0.13/turn              (no ring)
MPRegen  0.09/turn              (no ring)

@: no status effects
A: change form in water, swift swim, stealthy swim
a: no special abilities


You were on level 4 of the Dungeon.
You were not hungry.

You visited 1 branch of the dungeon, and saw 4 of its levels.

You collected 162 gold pieces.

Inventory:

Hand Weapons
 a - a +0 long sword (weapon)
 k - a cursed -1 falchion
 y - a +0 whip of venom
Missiles
 d - 2 throwing nets
 s - a stone (quivered)
Armour
 b - a +0 leather armour (worn)
 c - a +0 helmet (worn)
 h - a +0 large shield
 l - a +0 chain mail
 x - a +0 ring mail
Scrolls
 e - 2 scrolls of remove curse {unknown}
 g - a scroll of teleportation {unknown}
 j - 2 scrolls of immolation {unknown}
 o - 3 scrolls of enchant armour {unknown}
 r - 2 scrolls of magic mapping {unknown}
 t - a scroll of fog {unknown}
 v - 6 scrolls of identify {unknown}
 A - a scroll of amnesia {unknown}
 B - a scroll of enchant weapon {unknown}
Potions
 i - a potion of cancellation {unknown}
 m - 2 potions of might {unknown}
 n - a potion of heal wounds {unknown}
 p - 2 potions of curing {unknown}
 u - a potion of mutation {unknown}
 w - a potion of agility
 z - a potion of flight {unknown}
Comestibles
 f - 6 rations
 q - 3 chunks of flesh


   Skills:
 - Level 3.0 Fighting
 * Level 5.3 Long Blades
 - Level 3.0 Throwing
 + Level 5.3 Dodging


You had 4 spell levels left.
You didn't know any spells.
Your spell library was empty.

Dungeon Overview and Level Annotations

Branches:
Dungeon (4/15)
 Temple: D:4-7

Altars:
Sif Muna


Message History

You see here a stone.
You hit the phantom but do no damage.
The phantom is almost destroyed.
The phantom blinks! x2
You completely miss the phantom.
The phantom is almost destroyed.
The phantom barely misses you.
You hit the phantom but do no damage.
The phantom is almost destroyed.
The phantom hits you!
* * * LOW HITPOINT WARNING * * *
The phantom blinks!
s - a stone The phantom blinks!
The phantom hits you!
* * * LOW HITPOINT WARNING * * *
You hit the phantom.
The phantom is almost destroyed.
The phantom hits you.
You die...

..... #(......#
#.... #.......#
#.....#.......#
#.....#.......#
#...(.#..(....# #
#(.(......# .# #
#(.......(###.##.#
#..(###<.W(...<..#
#...# #..@...(##.#
#...###..#...((..#
#...#.(....#(.(#.##
#...#.#..#.#..(....
#...#.#..#.)...#.#
#####.#(.#.......#
#.#..#.##.##.#
###(.........#
#..##.##.####


You could see a phantom.

Vanquished Creatures
  A hound (D:4)
  Terence (D:2)
  4 adders
  5 gnolls
  2 worms (D:2)
  An orc (D:4)
  9 bats
  7 giant cockroaches
  8 goblins
  7 hobgoblins
  6 jackals (D:1)
  5 kobolds
  A quokka (D:4)
  4 frilled lizards
  4 rats (D:1)
65 creatures vanquished.

Notes
Turn   | Place    | Note
-------+----------+-------------------------------------------
     0 | D:1      | Kholdaimon the Merfolk Gladiator began the quest for the Orb.
     0 | D:1      | Reached XP level 1. HP: 16/16 MP: 1/1
   207 | D:1      | Reached XP level 2. HP: 23/23 MP: 2/2
   373 | D:1      | Reached XP level 3. HP: 3/28 MP: 3/3
  1050 | D:2      | Noticed Terence
  1079 | D:2      | Killed Terence
  1079 | D:2      | Reached XP level 4. HP: 24/34 MP: 4/4
  2336 | D:3      | Reached XP level 5. HP: 40/41 MP: 5/5
  2390 | D:3      | Reached skill level 5 in Dodging
  2393 | D:3      | Reached skill level 5 in Long Blades
  3116 | D:3      | Found a deep blue altar of Sif Muna.
  3243 | D:4      | Noticed a phantom
  3325 | D:4      | HP: 1/41 [phantom (9)]
  3326 | D:4      | Slain by a phantom

Vault maps used:
D:1:      lemuel_arrival_cross, serial_bayou_ford_a
D:2:      uniq_terence
D:3:      led_sif_pool
D:4:      serial_curves, eino_curves_03, eino_curves_02, minmay_misc_feat_iff,
          hangedman_feature_mirror, elyvilon_altar_4, uniq_blork_the_orc

Skill      XL: |  1  2  3  4  5 |
---------------+----------------+-----
Long Blades    | 4 5 |  5.3
Fighting       | 3 |  3.0
Throwing       | 3 |  3.0
Dodging        | 5 |  5.3

Action                   |  1- 3 |  4- 6 || total
-------------------------+-------+-------++-------
Melee: Long sword        |    98 |   147 ||   245
Throw: Throwing net      |     1 |     2 ||     3
       Stone             |       |    31 ||    31
 Stab: Sleeping          |     1 |       ||     1
  Eat: Chunk             |       |     8 ||     8
Armor: Leather armour    |    25 |    37 ||    62
Dodge: Dodged            |    76 |   127 ||   203
       Rpst.: Long sword |    21 |    44 ||    65

Table legend:
 A = Spawn XP
 B = Non-spawn XP
 C = Spawn XP percentage of total XP
 D = Spawn monster count
 E = Non-spawn monster count
 F = Spawn count percentage of total count
 G = Total turns spent on level
                    A         B        C        D         E        F      G
               +---------+---------+-------+---------+---------+-------+---------
         Total |       0 |     301 |   0.0 |       0 |      65 |   0.0 |  3326
               +---------+---------+-------+---------+---------+-------+---------
           D:1 |       0 |      55 |   0.0 |       0 |      26 |   0.0 |  1062
           D:2 |       0 |      84 |   0.0 |       0 |      17 |   0.0 |   825
           D:3 |       0 |     115 |   0.0 |       0 |      19 |   0.0 |  1267
           D:4 |       0 |      47 |   0.0 |       0 |       3 |   0.0 |   172
               +---------+---------+-------+---------+---------+-------+---------
